 Dungeon Crawl Stone Soup version 0.31.0-32-g396128a36d (webtiles) character file.

Game seed: 5930335160601500402

2534 ChrisAssaf the Grave Robber (level 9, 0/62 HPs)
             Began as a Human Necromancer on Mar 10, 2024.
             Was a Plaything of Xom.
             Slain by a gnoll sergeant
             ... wielding a +0 spear
             ... summoned by Xom
              (5 damage)
             ... on level 6 of the Dungeon.
             The game lasted 00:30:19 (5711 turns).

ChrisAssaf the Grave Robber (Human Necromancer)     Turns: 5711, Time: 00:30:20

Health: 0/62       AC:  4    Str: 17    XL:     9   Next: 55%
Magic:  11/17      EV: 13    Int: 14    God:    Xom [*.....]
Gold:   299        SH:  0    Dex: 14    Spells: 4/18 levels left

rFire   . . .        h - +3 whip (distort)
rCold   . . .        (no shield)
rNeg    . . .        p - +2 robe of Undesirable Species {rPois Str+7 Int-4}
rPois   +            (no helmet)
rElec   .            (no cloak)
rCorr   +            (no gloves)
SInv    .            (no boots)
Will    .....        f - amulet of faith
Stlth   +++          l - +4 ring of slaying
HPRegen 0.30/turn    g - ring of resist corrosion
MPRegen 0.15/turn

%: faith
@: animating dead, studying Axes
A: explore regen, camouflage 1
a: Renounce Religion


You were on level 6 of the Dungeon.
You worshipped Xom.
You were a special plaything of Xom.
You visited 1 branch of the dungeon, and saw 7 of its levels.

You collected 299 gold pieces.

Inventory:

Hand Weapons
 h - a +3 whip of distortion (weapon)
Missiles
 i - 5 darts of dispersal
 s - 3 boomerangs (quivered)
 u - 6 javelins
Armour
 a - a +1 robe
 p - the +2 robe of Undesirable Species (worn) {rPois Str+7 Int-4}
   (You found it on level 3 of the Dungeon)

   Str+7:     It affects your strength (+7).
   Int-4:     It affects your intelligence (-4).
   rPois:     It protects you from poison
Jewellery
 f - an amulet of faith (around neck)
 g - a ring of resist corrosion (right hand)
 j - an amulet of the acrobat
 l - a +4 ring of slaying (left hand)
Talismans
 e - a blade talisman
Wands
 o - a wand of flame (7)
 r - a wand of roots (8)
Scrolls
 d - a scroll of revelation
 m - a scroll of poison
 n - 2 scrolls of amnesia
Potions
 b - 3 potions of brilliance {unknown}
 c - a potion of haste
 k - a potion of degeneration
 q - a potion of ambrosia {unknown}
 t - a potion of invisibility
 v - a potion of lignification {unknown}


   Skills:
 * Level 2.5 Fighting
 * Level 3.3 Maces & Flails
 * Level 2.8 Throwing
 * Level 3.0 Armour
 * Level 3.5 Dodging
 * Level 3.7 Stealth
 * Level 5.4 Spellcasting
 * Level 2.7 Conjurations
 * Level 1.0 Hexes
 * Level 6.7 Necromancy
 * Level 2.6 Air Magic
 * Level 3.0 Alchemy
 * Level 0.5 Evocations
 * Level 2.0 Shapeshifting


You had 4 spell levels left.
You knew the following spells:

 Your Spells              Type           Power      Damage    Failure   Level
a - Necrotise             Necr           88%        1d8       1%          1
b - Vampiric Draining     Necr           22%        2d7       3%          3
c - Mephitic Cloud        Conj/Alch/Air  11%        N/A       16%         3
d - Animate Dead          Necr           22%        N/A       11%         4
e - Tukima's Dance        Hex            6%         N/A       32%         3

Your spell library contained the following spells:

 Spells                   Type           Power      Damage    Failure   Level
 Mercury Vapours          Alch/Air       22%        N/A       8%          2
 Hailstorm                Conj/Ice       7%         3d5       28%         3
 Summon Ice Beast         Ice/Summ       3%         N/A       45%         3
 Airstrike                Air            5%         2d(1-17)  50%         4
 Curse of Agony           Necr           22%        N/A       30%         5
 Arcjolt                  Conj/Air       5%         1d15      83%         5
 Yara's Violent Unravell  Hex/Alch       4%         3d4       90%         5
 Silence                  Hex/Air        4%         N/A       91%         5
 Freezing Cloud           Conj/Ice/Air   4%         6-21      92%         5
 Sculpt Simulacrum        Ice/Alch       4%         N/A       100%        6
 Enfeeble                 Hex            3%         N/A       100%        7
 Ozocubu's Refrigeration  Ice            1%         4d7       100%        7
 Polar Vortex             Ice            1%         N/A       100%        9


Dungeon Overview and Level Annotations

Branches:
Dungeon (7/15)             Temple (0/1) D:6

Altars:
Ashenzari
Elyvilon
Fedhas
Kikubaaqudgha
Sif Muna
Vehumet
Wu Jian
Xom
The Shining One


Innate Abilities, Weirdness & Mutations

You regain HP and MP as you explore.
Your skin changes colour to match your surroundings (Stealth+).


Message History

The sleepcap is heavily damaged.
The sleepcap releases spores at you!
The gnoll sergeant hits you from afar with a +0 spear.
You hit the sleepcap.
Space warps around the sleepcap.
The sleepcap is almost destroyed.
The sleepcap releases spores at you.
You are engulfed in a cloud of soporific spores!
You fall asleep.
The gnoll sergeant barely misses you.
You wake up.
You whack the sleepcap!
You destroy the sleepcap!
The sleepcap disappears in a puff of smoke!
The steam dragon breathes steam at you. The ball of steam hits you!
The gnoll sergeant hits you from afar with a +0 spear.
You hear a shout! x2
Okay, then.
Okay, then.
Press: ? - help, v - describe, . - travel
Here: a gnoll sergeant, wielding a +0 spear and wearing a +0 ring mail (summoned)
The floor.
Unknown command.
You closely miss the yak.
You are engulfed in a cloud of scalding steam.
* * * LOW HITPOINT WARNING * * *
The gnoll sergeant hits you from afar with a +0 spear.
* * * LOW HITPOINT WARNING * * *
The yak gores you.
* * * LOW HITPOINT WARNING * * *
Casting: Animate Dead (dangerous; 11% risk of failure)
Confirm with . or Enter, or press ? or * to list all spells.
Aiming: Vampiric Draining (dangerous; 3% risk of failure)
Press: ? - help, Shift-Dir - straight line, f - yak
Aim: a yak You draw life force from the yak!
You feel life coursing into your body.
You are engulfed in a cloud of scalding steam.
* * * LOW HITPOINT WARNING * * *
The gnoll sergeant hits you from afar with a +0 spear.
You die...
Xom bursts into laughter!

#.# #...#....# #<#
#....#....##### ##.##
#.#.._....>[o..
####...####....#..#.##### ..
#.# #....#.Y....#..#..#.# #.
#.# #.##...###..#.###...# #..
#.###.###.## #D.#.###o..#
#..##.....###g####Y.#.###.#.#
......###....gg.@YYo......#.#
...#...##.###g####Yo....###$.
#.............####..#####
#.........###.^....<#
#..##.##..########.##
#..##.##...#######.#
.........#......##.#
##.##.##...###.(.#>#
......##...........#


You could see 4 yaks, a gnoll sergeant (summoned), 3 gnolls and 2 orcs.

Vanquished Creatures
  Pikel (D:5)
  A hog (D:6)
  Duvessa (D:4)
  2 black bears (D:4)
  2 ogres
  A lemure (D:5)
  2 phantoms
  A kobold brigand (D:4)
  Dowan (D:4)
  A killer bee (D:4)
  A bombardier beetle (D:5)
  2 orc priests
  4 hounds
  4 jellies
  3 sleepcaps
  Ijyb (D:5)
  6 iguanas
  5 orc wizards
  7 gnolls
  9 adders
  A shadow imp (D:7)
  A dart slug (D:3)
  2 ribbon worms (D:2)
  19 orcs
  7 ball pythons
  4 endoplasms
  3 giant cockroaches
  5 goblins
  4 hobgoblins
  5 jackals
  9 kobolds
  8 quokkas
  7 bats
  6 frilled lizards
  4 rats
140 creatures vanquished.

Vanquished Creatures (collateral kills)
  Eustachio (D:5)
  A howler monkey (D:5)
  An endoplasm (D:1)
  A hobgoblin (D:1)
  A quokka (D:1)
  2 ball pythons (D:1)
  A bat (D:1)
  A rat (D:1)
9 creatures vanquished.

Vanquished Creatures (others)
  A kobold zombie (D:5)
  An orc wizard (D:5)
  An adder (D:4)
  A hobgoblin (D:4)
4 creatures vanquished.

Grand Total: 153 creatures vanquished

Notes
Turn   | Place    | Note
-------+----------+-------------------------------------------
     0 | D:1      | ChrisAssaf the Human Necromancer began the quest for the
                  | Orb.
     0 | D:1      | Reached XP level 1. HP: 13/13 MP: 3/3
   125 | D:1      | Reached XP level 2. HP: 19/19 MP: 1/5
   463 | D:1      | Reached XP level 3. HP: 25/25 MP: 4/6
   467 | D:1      | Learned a level 3 spell: Vampiric Draining
  1180 | D:2      | Reached skill level 1 in Armour
  1417 | D:3      | Reached XP level 4. HP: 30/31 MP: 7/7
  1558 | D:3      | Learned a level 3 spell: Mephitic Cloud
  1845 | D:3      | Identified the +2 robe of Undesirable Species {rPois Str+7
                  | Int-4}
  2413 | D:4      | Noticed a phantom
  2423 | D:4      | You fall into a shaft and drop 3 floors!
  2471 | D:6      | Found a broken altar of Ashenzari.
  2473 | D:6      | Noticed an ogre
  2479 | D:6      | Reached XP level 5. HP: 36/36 MP: 6/8
  2492 | D:6      | Noticed a yak
  2498 | D:6      | Noticed a yak
  2509 | D:6      | Noticed a yak
  2509 | D:6      | Noticed a yak
  2519 | D:5      | Entered Level 5 of the Dungeon
  2545 | D:4      | Reached skill level 1 in Throwing
  2553 | D:4      | Reached skill level 1 in Fighting
  2553 | D:4      | Reached skill level 5 in Necromancy
  2637 | D:4      | Noticed a kobold brigand
  2648 | D:4      | Reached skill level 1 in Alchemy
  2648 | D:4      | Reached XP level 6. HP: 23/43 MP: 0/10
  2654 | D:4      | Reached skill level 1 in Conjurations
  2762 | D:4      | Found a shimmering blue altar of Sif Muna.
  2762 | D:4      | Noticed Duvessa
  2762 | D:4      | Noticed Dowan
  2825 | D:4      | Killed Duvessa
  2826 | D:4      | Reached skill level 1 in Maces & Flails
  2826 | D:4      | Reached skill level 1 in Air Magic
  2826 | D:4      | Reached XP level 7. HP: 48/48 MP: 3/12
  2832 | D:4      | Killed Dowan
  3258 | D:4      | Found a shimmering altar of Xom.
  3275 | D:4      | Reached XP level 8. HP: 52/55 MP: 7/13
  3336 | D:4      | Became a worshipper of Xom of Chaos
  3401 | D:4      | Learned a level 4 spell: Animate Dead
  4016 | D:5      | XOM: confuse monster(s)
  4018 | D:5      | XOM: fog
  4020 | D:5      | XOM: destruction
  4021 | D:5      | Reached skill level 6 in Necromancy
  4023 | D:5      | Noticed Eustachio
  4029 | D:5      | XOM: scenery: summon butterflies
  4033 | D:5      | XOM: cast spell 'Summon Hydra'
  4039 | D:5      | Killed Eustachio
  4042 | D:5      | Reached skill level 1 in Shapeshifting
  4180 | D:5      | Noticed Ijyb
  4196 | D:5      | Killed Ijyb
  4247 | D:5      | XOM: polymorph butterfly -> steam dragon
  4256 | D:5      | Found a white marble altar of Elyvilon.
  4376 | D:5      | Noticed Pikel
  4377 | D:5      | XOM: summons 2 friendly demons
  4383 | D:5      | XOM: enchant monster (good)
  4386 | D:5      | Killed Pikel
  4387 | D:5      | Reached skill level 5 in Spellcasting
  4387 | D:5      | Reached XP level 9. HP: 19/62 MP: 1/16
  4412 | D:5      | Identified a scroll of acquirement
  4412 | D:5      | Acquired the Parchment of the Tired Towns
  4418 | D:5      | Learned a level 3 spell: Tukima's Dance
  4555 | D:5      | XOM: potion effect (haste)
  4558 | D:5      | XOM: smoke on damage
  4564 | D:5      | Your ally Pikel died
  4591 | D:5      | Found a blossoming altar of Fedhas.
  4591 | D:5      | Found an ancient bone altar of Kikubaaqudgha.
  4591 | D:5      | Found a glowing golden altar of the Shining One.
  4591 | D:5      | XOM: 10-stop teleportation journey
  4686 | D:5      | Found an ornate altar of the Wu Jian Council.
  4696 | D:5      | Found a radiant altar of Vehumet.
  4696 | D:5      | XOM: 5-stop teleportation journey
  4777 | D:5      | XOM: 3-stop teleportation journey
  4818 | D:5      | XOM: 4-stop teleportation journey
  4919 | D:5      | XOM: enchant monster (good)
  5005 | D:5      | XOM: cloud trail
  5075 | D:5      | XOM: polymorph steam dragon -> killer bee
  5173 | D:5      | XOM: give mutation
  5173 | D:5      | Gained mutation: Your skin changes colour to match your
                  | surroundings (Stealth+). [Xom's grace]
  5279 | D:6      | XOM: silly message
  5374 | D:6      | Found a staircase to the Ecumenical Temple.
  5374 | D:6      | Noticed Jeremiah
  5387 | D:6      | XOM: 4-stop teleportation journey
  5520 | D:6      | Jeremiah changed into Jeremiah the hog
  5520 | D:6      | Noticed Jeremiah
  5520 | D:6      | XOM: polymorph Jeremiah -> Jeremiah the hog
  5538 | D:6      | Killed Jeremiah the hog
  5539 | D:6      | Reached skill level 1 in Hexes
  5703 | D:6      | XOM: summons 4 hostile shadow creatures
  5711 | D:6      | Slain by a gnoll sergeant

Illustrated notes

Levels and vault maps discovered:
D:1:      minmay_arrival_semitransparent, layout_loops_ring, minmay_tromino_i4
D:2:      layout_rooms, roderic_serpentine_path, minmay_quantized
D:3:      layout_loops_corners
D:4:      layout_basic, xom_confusion_cloud, lemuel_crystal_altar,
          minmay_manual_mess, uniq_duvessa
D:5:      layout_basic, nicolae_elyvilon_peaceful_grove,
          nicolae_overflow_hallway_of_the_gods, dreamdust_gnoll_farm,
          uniq_pikel, uniq_ijyb, uniq_eustachio
D:6:      layout_loops_ring, nicolae_hepliaklqana_monster_ancestors,
          cheibrodos_ashenzari_chains, temple_hall, minivault_14, uniq_jeremiah
D:7:      layout_basic, grunt_temple_overflow_gold_and_silver

Skill      XL: |  1  2  3  4  5  6  7  8  9 |
---------------+----------------------------+-----
Armour         | 1 2 3 |  3.0
Throwing       | 1 2 |  2.8
Fighting       | 1 2 |  2.5
Necromancy     | 5 6 |  6.7
Alchemy        | 1 2 3 |  3.0
Spellcasting   | 3 5 |  5.4
Conjurations   | 1 2 |  2.7
Maces & Flails | 1 2 3 |  3.3
Air Magic      | 1 2 |  2.6
Stealth        | 3 |  3.7
Dodging        | 3 |  3.5
Shapeshifting  | 1 2 |  2.0
Hexes          | 1 |  1.0
Evocations     | |  0.5

Action                     |  1- 3 |  4- 6 |  7- 9 || total
---------------------------+-------+-------+-------++-------
  Melee: Unarmed           |     4 |     1 |       ||     5
         Whip              |       |    20 |   115 ||   135
  Throw: Boomerang         |    27 |    24 |     9 ||    60
   Cast: Necrotise         |    40 |    25 |    10 ||    75
         Vampiric Draining |     6 |    16 |    39 ||    61
         Mephitic Cloud    |       |     1 |     6 ||     7
         Animate Dead      |       |       |     3 ||     3
         Tukima's Dance    |       |       |     2 ||     2
  Evoke: Wand              |       |       |    16 ||    16
    Use: Scroll            |     4 |     9 |     5 ||    18
         Potion            |     1 |     2 |     2 ||     5
   Stab: Sleeping          |     1 |       |     5 ||     6
 Armour: Robe              |    22 |    52 |   119 ||   193
  Dodge: Dodged            |    27 |    53 |    85 ||   165
